[Event "ICC tourney 2395 (75 10)"]
[Site "Internet Chess Club"]
[Date "2021.02.21"]
[Round "5"]
[White "chessprogidy"]
[Black "skilledwolf"]
[Result "1/2-1/2"]
[ICCResult "Game drawn by mutual agreement"]
[WhiteElo "1341"]
[BlackElo "1531"]
[Opening "Queen's bishop game"]
[ECO "D00"]
[NIC "QP.08"]
[Time "14:33:59"]
[PlyCount "144"]
[TimeControl "4500+10"]

1. d4 d5 2. Bf4 Nf6 3. Nf3 e6 4. e3 c5 5. c3 Nc6 6. Bd3 Bd6 7. Ne5 Qc7 8.
Bb5 O-O 9. Nxc6 bxc6 10. Bxd6 Qxd6 11. Bd3 cxd4 12. exd4 e5 13. Be2 Bf5 14.
O-O Rab8 15. Qc1 Rfe8 16. Bf3 exd4 17. cxd4 Be4 18. Nd2 Bxf3 19. Nxf3 Re2
20. b3 Rc8 21. Ne5 Nd7 22. Nf3 c5 23. dxc5 Rxc5 24. Qa3 Qb6 25. Rfe1 Rcc2
26. Rxe2 Rxe2 27. Rf1 Nf6 28. Qa4 g6 29. h3 Kf8 30. Nd4 Re4 31. Qa3+ Kg7
32. Nf3 Re2 33. Qa4 Ne4 34. a3 Rxf2 35. Qd4+ Qxd4 36. Nxd4 Rxf1+ 37. Kxf1
Kf6 38. Ke2 Ke5 39. Nc6+ Kd6 40. Nxa7 Kc5 41. Kd3 Nd6 42. Kc3 d4+ 43. Kd3
Nb7 44. b4+ Kd5 45. Nb5 f5 46. Nxd4 Nd6 47. a4 Nc4 48. a5 Ne5+ 49. Kc3 f4
50. a6 Nd7 51. Nb3 g5 52. Nc5 Nb6 53. a7 h6 54. Nd7 Na8 55. b5 Kd6 56. b6
Kc6 57. Kc4 h5 58. Kb4 g4 59. hxg4 hxg4 60. Ne5+ Kxb6 61. Nxg4 Kxa7 62. Kc4
Kb6 63. Kd4 Nc7 64. Ke5 Kc6 65. Kxf4 Kd6 66. Ke4 Ne6 67. Ne3 Ke7 68. g4 Kf6
69. Kf3 Ng5+ 70. Kg3 Nf7 71. Kf4 Kg6 72. Nd5 Nd8 { Game drawn by mutual
agreement } 1/2-1/2

[Event "ICC tourney 2395 (75 10)"]
[Site "Internet Chess Club"]
[Date "2021.02.21"]
[Round "5"]
[White "Paladin51"]
[Black "yogokings12"]
[Result "1/2-1/2"]
[ICCResult "Game drawn because neither player has mating material"]
[WhiteElo "1524"]
[BlackElo "1574"]
[Opening "King's Indian: East Indian defense"]
[ECO "A48"]
[NIC "QP.06"]
[Time "14:33:55"]
[PlyCount "119"]
[TimeControl "4500+10"]

1. d4 Nf6 2. Nf3 g6 3. Nbd2 d5 4. e3 Bg7 5. Bd3 c5 6. O-O cxd4 7. exd4 O-O
8. b3 Nc6 9. a3 Qc7 10. Bb2 Nd7 11. Re1 e5 12. dxe5 Ndxe5 13. Rb1 Bg4 14.
h3 Nxd3 15. cxd3 Bf5 16. Bxg7 Kxg7 17. Nf1 Rfe8 18. Ne3 Be6 19. Rc1 Qa5 20.
a4 d4 21. Nc4 Bxc4 22. Rxc4 Rad8 23. Kf1 Rxe1+ 24. Qxe1 Qxe1+ 25. Kxe1 a5
26. Kd2 Kf6 27. Rc5 h6 28. g4 Ke6 29. h4 Rd5 30. Rc4 Kd6 31. Ke2 Rc5 32.
Nd2 Rxc4 33. Nxc4+ Kc5 34. Kd2 f6 35. f4 b6 36. h5 gxh5 37. gxh5 Ne7 38.
Ke2 Nd5 39. Kf3 Kb4 40. Ke4 Ne3 41. Nxb6 Nc2 42. Nc4 Kxb3 43. Nxa5+ Kc3 44.
Nc6 f5+ 45. Kxf5 Kxd3 46. a5 Ke3 47. a6 d3 48. a7 d2 49. a8=Q d1=Q 50. Qe8+
Kf3 51. Qe4+ Kf2 52. Kg6 Qd6+ 53. Kf7 Ne3 54. Ne7 Ng4 55. Qf5 Kg3 56. Kf8
Qxf4 57. Qxf4+ Kxf4 58. Kg7 Kg5 59. Ng8 Kxh5 60. Nxh6 { Game drawn because
neither player has mating material } 1/2-1/2

[Event "ICC tourney 2395 (75 10)"]
[Site "Internet Chess Club"]
[Date "2021.02.21"]
[Round "5"]
[White "Yakshwag"]
[Black "Coolcat321"]
[Result "0-1"]
[ICCResult "White resigns"]
[WhiteElo "1382"]
[BlackElo "1471"]
[Opening "Petrov: classical attack"]
[ECO "C42"]
[NIC "RG.04"]
[Time "14:33:58"]
[PlyCount "168"]
[TimeControl "4500+10"]

1. e4 e5 2. Nf3 Nf6 3. Nxe5 d6 4. Nf3 Nxe4 5. d4 Be7 6. Bd3 Nf6 7. O-O O-O
8. c4 d5 9. h3 Nc6 10. Nc3 dxc4 11. Bxc4 Bd6 12. Bg5 Be7 13. Re1 Re8 14.
Qb3 Rf8 15. Qd1 Bf5 16. Qd2 a6 17. Rad1 b5 18. Bd3 Bxd3 19. Qxd3 Re8 20. a3
Qd6 21. Qc2 Rad8 22. Ne5 Nxd4 23. Rxd4 Qxd4 24. Nc6 Qd6 25. Nxd8 Qxd8 26.
Qe2 Kf8 27. Qc2 h6 28. Bh4 Ng8 29. Bg3 Nf6 30. Bh4 Qd4 31. Bg3 Bd6 32. Rd1
Qc5 33. b4 Qc4 34. Bxd6+ cxd6 35. Qd2 d5 36. f3 d4 37. Qxd4 Qxd4+ 38. Rxd4
Re3 39. Ne4 Nxe4 40. Rxe4 Rxa3 41. Kf2 Ra2+ 42. Kg3 Kg8 43. f4 Kh7 44. Kf3
Kg6 45. g4 f6 46. h4 h5 47. f5+ Kh6 48. Kf4 hxg4 49. Kxg4 Rc2 50. Re6 Rc4+
51. Kg3 Rxb4 52. Rxa6 Kh5 53. Rb6 Rb3+ 54. Kf2 Kxh4 55. Rb7 Kg5 56. Rxg7+
Kxf5 57. Rb7 Kf4 58. Ke2 f5 59. Kd2 b4 60. Kc2 Rc3+ 61. Kd2 Rc4 62. Kd3 Re4
63. Rh7 Kg3 64. Rf7 Rf4 65. Rb7 Rf3+ 66. Kd4 b3 67. Ke5 f4 68. Rg7+ Kf2 69.
Rb7 Ke2 70. Ke4 Kf2 71. Ke5 Kg3 72. Rg7+ Kh2 73. Rb7 Kg2 74. Ke4 Kf2 75.
Ke5 Ke2 76. Ke4 Re3+ 77. Kxf4 Kd2 78. Rb5 Rd3 79. Ke4 Kc2 80. Rb6 Rd8 81.
Rc6+ Kb1 82. Rb6 b2 83. Rb5 Rc8 84. Kd3 Kc1 { White resigns } 0-1

[Event "ICC tourney 2395 (75 10)"]
[Site "Internet Chess Club"]
[Date "2021.02.21"]
[Round "5"]
[White "Alexkidd"]
[Black "jacobsperber"]
[Result "0-1"]
[ICCResult "White resigns"]
[WhiteElo "1346"]
[BlackElo "1447"]
[Opening "Sicilian: Najdorf, Byrne (English) attack"]
[ECO "B90"]
[NIC "SI.14"]
[Time "14:33:57"]
[PlyCount "148"]
[TimeControl "4500+10"]

1. e4 c5 2. Nf3 d6 3. d4 cxd4 4. Nxd4 Nf6 5. Nc3 a6 6. Be3 e5 7. Nb3 Be6 8.
Bd3 Be7 9. O-O O-O 10. h3 Nbd7 11. f4 exf4 12. Bxf4 Ne5 13. Bxe5 dxe5 14.
Nd2 Qb6+ 15. Kh2 Qxb2 16. Ne2 Qb6 17. Nf3 h6 18. Qd2 Rad8 19. Qe1 Qc7 20.
Kh1 b5 21. Ng3 Rd7 22. a4 Rb8 23. axb5 axb5 24. Qa5 Qc5 25. Rab1 Ra7 26.
Qe1 b4 27. Qc1 Rba8 28. Qe1 Ra2 29. Nh4 g6 30. Qd2 Kg7 31. Nf3 b3 32. Qc1
bxc2 33. Rb2 Rxb2 34. Qxb2 Ra2 35. Qc1 Qc3 36. Bxc2 Rxc2 37. Qb1 Qb2 38.
Qxb2 Rxb2 39. Nxe5 Bd6 40. Nd3 Rb3 41. e5 Bxe5 42. Nxe5 Rxg3 43. Kh2 Re3
44. Nc6 Bd5 45. Nb4 Ba8 46. Rf2 Ne4 47. Ra2 Bb7 48. Ra7 Nc5 49. Ra2 Rb3 50.
Nc2 Nd3 51. Nd4 Rb2 52. Rxb2 Nxb2 53. g4 Nd3 54. Kg3 Be4 55. h4 f5 56. gxf5
gxf5 57. Ne2 Kg6 58. Kh3 f4 59. Kg4 f3 60. Ng3 f2 61. h5+ Kf7 62. Kh3 Bc6
63. Kg4 Bg2 64. Kf5 f1=Q+ 65. Nxf1 Bxf1 66. Ke4 Kf6 67. Kf3 Kg5 68. Kg3
Kxh5 69. Kh2 Kg4 70. Kg1 Be2 71. Kh1 h5 72. Kh2 h4 73. Kg2 h3+ 74. Kg1 Kg3
{ White resigns } 0-1

[Event "ICC tourney 2395 (75 10)"]
[Site "Internet Chess Club"]
[Date "2021.02.21"]
[Round "5"]
[White "ruhanv"]
[Black "missqueen"]
[Result "1-0"]
[ICCResult "Black checkmated"]
[WhiteElo "1245"]
[BlackElo "1310"]
[Opening "Queen's pawn, Mason variation, Steinitz counter-gambit"]
[ECO "D00"]
[NIC "QP.08"]
[Time "14:34:40"]
[PlyCount "69"]
[TimeControl "4500+10"]

1. d4 d5 2. Bf4 c5 3. e3 Nf6 4. Bb5+ Bd7 5. Bxd7+ Nbxd7 6. c3 Qb6 7. Qc2
Rc8 8. Qe2 Rc6 9. Nf3 Ne4 10. Na3 e6 11. O-O Bd6 12. Bxd6 Nxd6 13. Ne1 c4
14. Rb1 Qa5 15. Nec2 b5 16. Qg4 O-O 17. f3 Nf6 18. Qg3 Re8 19. Nb4 Rb6 20.
Rbe1 Qa4 21. Rb1 a5 22. Nbc2 b4 23. b3 Qc6 24. cxb4 axb4 25. bxc4 bxa3 26.
Rxb6 Qxb6 27. c5 Qb2 28. Nxa3 Nf5 29. Qc7 Qxa3 30. Rb1 Qxe3+ 31. Kh1 Qa3
32. h3 Qa8 33. Rb7 Nxd4 34. Qxf7+ Kh8 35. Qxg7# { Black checkmated } 1-0

[Event "ICC tourney 2395 (75 10)"]
[Site "Internet Chess Club"]
[Date "2021.02.21"]
[Round "5"]
[White "LOCHAR"]
[Black "ChalsparoV"]
[Result "0-1"]
[ICCResult "White resigns"]
[WhiteElo "1554"]
[BlackElo "1591"]
[Opening "English: Caro-Kann defensive system"]
[ECO "A11"]
[NIC "EO.64"]
[Time "14:33:59"]
[PlyCount "180"]
[TimeControl "4500+10"]

1. c4 c6 2. g3 Nf6 3. Bg2 g6 4. Nc3 Bg7 5. e4 d6 6. d4 O-O 7. Nf3 Qc7 8.
O-O Bg4 9. h3 Bxf3 10. Qxf3 Nfd7 11. Rd1 e5 12. d5 c5 13. h4 f5 14. Bh3
fxe4 15. Be6+ Kh8 16. Qxe4 Nf6 17. Qe2 Na6 18. Bg5 Rae8 19. Bxf6 Bxf6 20.
Ne4 Qe7 21. Kg2 Nc7 22. Bg4 Rd8 23. Rac1 Ne8 24. Rc3 Bg7 25. Ra3 Ra8 26.
Be6 Nf6 27. Ng5 h6 28. Nh3 Nh5 29. Rb3 Rab8 30. Bg4 Nf6 31. h5 g5 32. Be6
Qe8 33. Bg4 a6 34. Re3 Qf7 35. a4 b5 36. axb5 axb5 37. b3 bxc4 38. bxc4
Nxg4 39. Qxg4 Rb2 40. Rf1 Rd2 41. Re4 Kh7 42. Kg1 Kg8 43. Kg2 Kh8 44. Re3
Rd4 45. Re4 Rd2 46. Kg1 Kg8 47. Re2 Rd4 48. Re4 Rd2 49. Kg2 Kh8 50. Ree1
Rd4 51. Qe2 g4 52. Ng1 Qxh5 53. Rd1 Qf5 54. Rxd4 cxd4 55. Rc1 e4 56. Re1 d3
57. Qe3 Kg8 58. Rc1 Bf6 59. Rf1 Bg5 60. Qb6 d2 61. Qxd6 e3 62. f4 gxf3+ 63.
Nxf3 d1=Q 64. Rxd1 Qxf3+ 65. Kh3 Qf5+ 66. Kh2 e2 67. Rg1 Bf6 68. Qe6+ Qxe6
69. dxe6 Re8 70. Re1 Rxe6 71. Kg2 Bc3 72. Rc1 e1=Q 73. Rxe1 Rxe1 74. c5 Bb4
75. c6 Bd6 76. Kf2 Rc1 77. c7 Rxc7 78. Kf3 Rc3+ 79. Kg4 Rxg3+ 80. Kf5 Re3
81. Kg4 Kg7 82. Kf5 Bf8 83. Kf4 Re6 84. Kf5 Rg6 85. Kf4 h5 86. Kf5 h4 87.
Kf4 h3 88. Kf3 h2 89. Kf4 h1=Q 90. Kf5 Qh5+ { White resigns } 0-1

[Event "ICC tourney 2395 (75 10)"]
[Site "Internet Chess Club"]
[Date "2021.02.21"]
[Round "6"]
[White "MathMonkey"]
[Black "Kokosnuss1000"]
[Result "1-0"]
[ICCResult "Black checkmated"]
[WhiteElo "1332"]
[BlackElo "1450"]
[Opening "Ruy Lopez: closed defense"]
[ECO "C84"]
[NIC "RL.13"]
[Time "18:03:07"]
[PlyCount "31"]
[TimeControl "4500+10"]

1. e4 e5 2. Nf3 Nc6 3. Bb5 a6 4. Ba4 Nf6 5. O-O Be7 6. c3 O-O 7. d4 exd4 8.
cxd4 Nxe4 9. Bc2 d5 10. Nbd2 Bf5 11. Re1 Nxd2 12. Bxd2 Bg4 13. Bc3 Re8 14.
Qd3 Bf6 15. Qxh7+ Kf8 16. Qh8# { Black checkmated } 1-0

[Event "ICC tourney 2395 (75 10)"]
[Site "Internet Chess Club"]
[Date "2021.02.21"]
[Round "6"]
[White "niftyfountain"]
[Black "khriskruel"]
[Result "1-0"]
[ICCResult "Black resigns"]
[WhiteElo "1330"]
[BlackElo "1440"]
[Opening "Sicilian: Najdorf, Opocensky variation"]
[ECO "B92"]
[NIC "SI.10"]
[Time "18:03:07"]
[PlyCount "71"]
[TimeControl "4500+10"]

1. e4 c5 2. Nf3 d6 3. d4 cxd4 4. Nxd4 Nf6 5. Nc3 a6 6. Be2 e5 7. Nb3 Be6 8.
Bg5 Be7 9. O-O O-O 10. Qd2 Nc6 11. Rad1 b5 12. Bxf6 gxf6 13. Nd5 Bxd5 14.
exd5 Na7 15. Qe3 Kh8 16. Qh3 Rg8 17. Rd3 Rc8 18. c3 Rc4 19. Rg3 Rxg3 20.
Qxg3 f5 21. Bxc4 bxc4 22. Nd2 Qa5 23. Nxc4 Qxd5 24. Ne3 Qe6 25. Qf3 f4 26.
Qa8+ Kg7 27. Qxa7 fxe3 28. Qxa6 exf2+ 29. Rxf2 Bh4 30. g3 Qg4 31. Qe2 Qg6
32. Rf1 Bxg3 33. hxg3 Qxg3+ 34. Qg2 Qxg2+ 35. Kxg2 h5 36. a4 { Black
resigns } 1-0

[Event "ICC tourney 2395 (75 10)"]
[Site "Internet Chess Club"]
[Date "2021.02.21"]
[Round "6"]
[White "chessprogidy"]
[Black "sassymareese"]
[Result "0-1"]
[ICCResult "White checkmated"]
[WhiteElo "1341"]
[BlackElo "1380"]
[Opening "Queen's bishop game"]
[ECO "D02"]
[NIC "QP.08"]
[Time "18:03:10"]
[PlyCount "62"]
[TimeControl "4500+10"]

1. d4 d5 2. Nf3 Nf6 3. Bf4 e6 4. e3 c5 5. c3 Bd6 6. Ne5 Nc6 7. Bd3 Bxe5 8.
dxe5 Nd7 9. Qg4 Ncxe5 10. Bxe5 Nxe5 11. Bb5+ Kf8 12. Qe2 a6 13. Ba4 b5 14.
Bc2 g6 15. Nd2 Kg7 16. Rd1 Bb7 17. Ne4 Qc7 18. Ng3 Rhd8 19. O-O Rd6 20. h4
h5 21. Kh2 Ng4+ 22. Kh3 Bc8 23. f4 e5 24. f5 Qd8 25. Nh1 Qf6 26. e4 dxe4
27. Rxd6 Qxd6 28. Bxe4 Rb8 29. Kg3 gxf5 30. Bxf5 e4+ 31. Kh3 Qh2# { White
checkmated } 0-1

[Event "ICC tourney 2395 (75 10)"]
[Site "Internet Chess Club"]
[Date "2021.02.21"]
[Round "6"]
[White "joeandjoe28"]
[Black "Coolcat321"]
[Result "0-1"]
[ICCResult "White resigns"]
[WhiteElo "1412"]
[BlackElo "1471"]
[Opening "Petrov: Nimzovich attack"]
[ECO "C42"]
[NIC "RG.03"]
[Time "18:03:06"]
[PlyCount "92"]
[TimeControl "4500+10"]

1. e4 e5 2. Nf3 Nf6 3. Nxe5 d6 4. Nf3 Nxe4 5. Nc3 Nf6 6. Bc4 Be7 7. O-O d5
8. Bb3 O-O 9. d4 Nc6 10. h3 Bf5 11. Re1 Qd7 12. Ne5 Qd8 13. Nxc6 bxc6 14.
Bf4 Bd6 15. Bg5 h6 16. Bh4 g5 17. Qf3 Be4 18. Nxe4 dxe4 19. Qf5 gxh4 20.
Qg6+ Kh8 21. Qxh6+ Nh7 22. Rxe4 Qf6 23. Qxf6+ Nxf6 24. Rxh4+ Kg7 25. Re1
Rae8 26. Rxe8 Rxe8 27. Kf1 Bb4 28. c3 Bd6 29. Ba4 Rb8 30. b3 a5 31. Bxc6
Ba3 32. c4 Kg6 33. Rf4 Bc1 34. Rf3 Rb6 35. Bb5 c6 36. c5 Rxb5 37. a4 Rb7
38. Rg3+ Kh7 39. Rf3 Nd5 40. g4 f6 41. h4 Rg7 42. Rg3 Bf4 43. Rg2 Rb7 44.
Ke2 Rxb3 45. Rg1 Rb4 46. Rd1 Nc3+ { White resigns } 0-1

[Event "ICC tourney 2395 (75 10)"]
[Site "Internet Chess Club"]
[Date "2021.02.21"]
[Round "6"]
[White "michaelxiao"]
[Black "Alexkidd"]
[Result "0-1"]
[ICCResult "White resigns"]
[WhiteElo "1310"]
[BlackElo "1346"]
[Opening "Giuoco Piano"]
[ECO "C54"]
[NIC "IG.02"]
[Time "18:03:20"]
[PlyCount "104"]
[TimeControl "4500+10"]

1. e4 e5 2. Nf3 Nc6 3. Bc4 Bc5 4. c3 Nf6 5. d4 exd4 6. cxd4 Bb4+ 7. Bd2
Bxd2+ 8. Nbxd2 d5 9. exd5 Nxd5 10. Qb3 Na5 11. Qa4+ c6 12. Bxd5 Qxd5 13.
O-O O-O 14. Rac1 Qb5 15. Qa3 Bg4 16. Rc5 Qb6 17. Rxa5 Qc7 18. Rg5 Be6 19.
Ne4 h6 20. Nf6+ Kh8 21. Qd3 gxf6 22. Rh5 Kg7 23. Nh4 Rg8 24. Nf5+ Bxf5 25.
Rxf5 Qd6 26. Re1 Rae8 27. Re3 Rxe3 28. Qxe3 Qe6 29. Qxe6 fxe6 30. Rf3 Rd8
31. Rg3+ Kf7 32. Rg4 c5 33. Kf1 Rxd4 34. Rxd4 cxd4 35. Ke2 e5 36. Kd3 Ke6
37. f4 f5 38. b3 b5 39. a3 a5 40. h3 h5 41. h4 Kd5 42. fxe5 Kxe5 43. g3 b4
44. axb4 axb4 45. Ke2 Ke4 46. Kd2 d3 47. Kd1 Ke3 48. Ke1 d2+ 49. Kd1 Kf3
50. Kxd2 Kxg3 51. Kd3 f4 52. Ke2 Kg2 { White resigns } 0-1

[Event "ICC tourney 2395 (75 10)"]
[Site "Internet Chess Club"]
[Date "2021.02.21"]
[Round "6"]
[White "sganzb00"]
[Black "Yakshwag"]
[Result "0-1"]
[ICCResult "White checkmated"]
[WhiteElo "1461"]
[BlackElo "1382"]
[Opening "Sicilian defense"]
[ECO "B44"]
[NIC "SI.39"]
[Time "18:03:09"]
[PlyCount "122"]
[TimeControl "4500+10"]

1. e4 c5 2. Nf3 Nc6 3. d4 cxd4 4. Nxd4 e6 5. Bc4 a6 6. Nc3 Qc7 7. O-O Nf6
8. Bg5 Be7 9. Bh4 O-O 10. Bg3 d6 11. Bb3 Rd8 12. Nf3 b5 13. a3 Bb7 14. Re1
Rac8 15. Qe2 e5 16. Ng5 Rf8 17. Rad1 Nd4 18. Qd3 Nd7 19. Nf3 Nc5 20. Qf1
Ncxb3 21. cxb3 Nxb3 22. Qd3 Na5 23. Rc1 Qc4 24. Qd1 Qe6 25. Qd3 Rfd8 26.
Nd5 Bxd5 27. exd5 Qg6 28. Qe2 Nb3 29. Rc3 Rxc3 30. bxc3 Rc8 31. Qb2 Nc5 32.
Qd2 Qd3 33. Qxd3 Nxd3 34. Re3 Rxc3 35. Ne1 Rc1 36. f3 Nc5 37. Kf2 f5 38. f4
e4 39. Ke2 Bf6 40. Kd2 Rc4 41. Nc2 Bd4 42. Re1 Bc3+ 43. Ke2 Bxe1 44. Ne3
Bxg3 45. hxg3 Rc3 46. Nxf5 Rxa3 47. Nxd6 Rd3 48. Nf5 b4 49. d6 b3 50. Ne7+
Kf7 51. Nc6 b2 52. Ne5+ Ke6 53. Nxd3 exd3+ 54. Kd2 b1=Q 55. d7 Qc2+ 56. Ke3
Qe2+ 57. Kd4 d2 58. Kxc5 d1=Q 59. Kc6 Qd6+ 60. Kb7 Qb5+ 61. Ka7 Qdb8# {
White checkmated } 0-1

[Event "ICC tourney 2395 (75 10)"]
[Site "Internet Chess Club"]
[Date "2021.02.21"]
[Round "6"]
[White "EricCheng-131"]
[Black "NYHernandez"]
[Result "0-1"]
[ICCResult "White resigns"]
[WhiteElo "1340"]
[BlackElo "1335"]
[Opening "Sicilian defense"]
[ECO "B34"]
[NIC "SI.33"]
[Time "18:03:10"]
[PlyCount "76"]
[TimeControl "4500+10"]

1. e4 c5 2. Nf3 Nc6 3. d4 cxd4 4. Nxd4 g6 5. Be2 Bg7 6. Be3 Nf6 7. Nc3 O-O
8. O-O d5 9. exd5 Nxd5 10. Nxd5 Qxd5 11. Nxc6 bxc6 12. c3 Bf5 13. Bf3 Qd7
14. Qxd7 Bxd7 15. Rad1 Be6 16. Bxc6 Rac8 17. Bd7 Bxd7 18. Rxd7 Rb8 19. Rxe7
Rxb2 20. Rxa7 Bxc3 21. Rd1 Rc8 22. Bh6 Bd4 23. Rd7 Bxf2+ 24. Kf1 Bb6 25.
Rb7 Rf2+ 26. Kg1 Rd2+ 27. Rxb6 Rxd1+ 28. Kf2 Ra1 29. Ra6 Rc2+ 30. Kg3 Raxa2
31. Rd6 Ra3+ 32. Kh4 Rc4+ 33. Kg5 Ra5+ 34. Kf6 Rc8 35. Rd7 Ra6+ 36. Ke5
Re8+ 37. Kd5 Ra2 38. Kc6 Rxg2 { White resigns } 0-1

[Event "ICC tourney 2395 (75 10)"]
[Site "Internet Chess Club"]
[Date "2021.02.21"]
[Round "6"]
[White "BoboTheBox"]
[Black "Deepbrainfinal"]
[Result "0-1"]
[ICCResult "White resigns"]
[WhiteElo "1395"]
[BlackElo "1415"]
[Opening "Sicilian: Najdorf"]
[ECO "B90"]
[NIC "SI.14"]
[Time "18:03:07"]
[PlyCount "90"]
[TimeControl "4500+10"]

1. e4 c5 2. Nf3 d6 3. d4 cxd4 4. Nxd4 Nf6 5. Nc3 a6 6. Bd3 e6 7. Be3 Be7 8.
f3 Nc6 9. Qd2 Bd7 10. g4 h6 11. h4 Qc7 12. O-O-O O-O-O 13. Nb3 Ne5 14. Qf2
Nexg4 15. fxg4 Nxg4 16. Qg1 Nxe3 17. Qxe3 Kb8 18. Kb1 Bf6 19. Ne2 Rhe8 20.
Nf4 Be5 21. h5 Bf6 22. Nh3 Rc8 23. Nf2 Bb5 24. Qe2 Bc6 25. Ng4 Bg5 26. Nd4
Qb6 27. Nxc6+ Rxc6 28. e5 d5 29. Rhf1 Re7 30. Nh2 Qd8 31. Nf3 Rd7 32. Nxg5
hxg5 33. Qg4 f6 34. exf6 gxf6 35. Rg1 e5 36. Bf5 Rdc7 37. h6 Qh8 38. h7 d4
39. Qh5 Ka7 40. Qg6 Rg7 41. Qh6 Rb6 42. Rh1 Qf8 43. h8=Q Rxb2+ 44. Ka1 Qa3
45. Be6 Rxc2 { White resigns } 0-1

[Event "ICC tourney 2395 (75 10)"]
[Site "Internet Chess Club"]
[Date "2021.02.21"]
[Round "6"]
[White "LW-PE"]
[Black "Florina12345"]
[Result "0-1"]
[ICCResult "White resigns"]
[WhiteElo "1485"]
[BlackElo "1369"]
[Opening "KGD: Falkbeer counter-gambit"]
[ECO "C31"]
[NIC "KG.04"]
[Time "18:03:12"]
[PlyCount "106"]
[TimeControl "4500+10"]

1. e4 e5 2. f4 d5 3. d4 exd4 4. Qxd4 dxe4 5. Qxe4+ Qe7 6. Bd3 Nf6 7. Qxe7+
Bxe7 8. Nc3 Bd7 9. Bd2 O-O 10. O-O-O Bc6 11. Nf3 Nbd7 12. Rdf1 Nc5 13. Rhg1
Nxd3+ 14. cxd3 Rad8 15. Ne5 Bc5 16. Nxc6 bxc6 17. Rh1 Rxd3 18. Rf3 Rxf3 19.
gxf3 Rd8 20. Ne4 Bb6 21. Nxf6+ gxf6 22. f5 Rd5 23. Bh6 Rxf5 24. Rd1 Rd5 25.
Re1 Re5 26. Rd1 Be3+ 27. Bxe3 Rxe3 28. Rd7 Rxf3 29. Rxc7 Re3 30. Rxa7 f5
31. Ra4 Kf8 32. h4 Re4 33. Ra8+ Ke7 34. Rc8 Kd7 35. Rf8 Re7 36. Ra8 Re4 37.
h5 f4 38. Ra3 Re3 39. Ra7+ Ke6 40. Kd2 Re5 41. Ra8 Rxh5 42. Re8+ Kd7 43.
Re4 Rf5 44. Ke2 h5 45. Kf3 h4 46. Rxf4 Rxf4+ 47. Kxf4 f5 48. Kf3 c5 49. Kg2
f4 50. Kh3 f3 51. Kh2 c4 52. Kg1 h3 53. b3 c3 { White resigns } 0-1

[Event "ICC tourney 2395 (75 10)"]
[Site "Internet Chess Club"]
[Date "2021.02.21"]
[Round "6"]
[White "jojoraman"]
[Black "phosur"]
[Result "1/2-1/2"]
[ICCResult "Game drawn by repetition"]
[WhiteElo "1379"]
[BlackElo "1301"]
[Opening "Scotch game"]
[ECO "C45"]
[NIC "SO.05"]
[Time "18:03:04"]
[PlyCount "82"]
[TimeControl "4500+10"]

1. e4 e5 2. Nf3 Nc6 3. d4 exd4 4. Nxd4 Bc5 5. Be3 Qf6 6. c3 Nge7 7. Bc4 O-O
8. O-O d6 9. Nxc6 Nxc6 10. Bxc5 dxc5 11. f3 Be6 12. Bxe6 fxe6 13. Qc2 Rad8
14. Na3 a6 15. Rad1 Ne5 16. Qb3 b5 17. f4 Rxd1 18. Qxd1 Ng6 19. f5 Ne7 20.
fxe6 Qxe6 21. Rxf8+ Kxf8 22. Qd8+ Kf7 23. Qxc7 Qxe4 24. Qg3 Qd5 25. Qf4+
Ke8 26. Qb8+ Qd8 27. Qe5 Qd1+ 28. Kf2 Qd2+ 29. Qe2 Qxe2+ 30. Kxe2 Kf7 31.
Kf3 Kf6 32. Ke4 Ke6 33. Nc2 Nc6 34. b4 c4 35. Nd4+ Nxd4 36. Kxd4 Kd6 37.
Ke4 Ke6 38. Kd4 Kd6 39. Ke4 Ke6 40. Kd4 Kd6 41. Ke4 Ke6 { Game drawn by
repetition } 1/2-1/2

[Event "ICC tourney 2395 (75 10)"]
[Site "Internet Chess Club"]
[Date "2021.02.21"]
[Round "6"]
[White "Loftiss82"]
[Black "ZYCON"]
[Result "0-1"]
[ICCResult "White resigns"]
[WhiteElo "1342"]
[BlackElo "1458"]
[Opening "Queen's pawn: London system"]
[ECO "A45"]
[NIC "QP.07"]
[Time "18:03:12"]
[PlyCount "108"]
[TimeControl "4500+10"]

1. d4 Nf6 2. Bf4 d5 3. e3 c5 4. Nf3 e6 5. c3 Bd6 6. Bg3 O-O 7. Nbd2 Nc6 8.
Bd3 cxd4 9. exd4 b6 10. Qe2 Bb7 11. O-O Bxg3 12. hxg3 Re8 13. Ne5 Nxe5 14.
Qxe5 Rc8 15. Nf3 h6 16. Rae1 Qc7 17. Qe2 Nd7 18. Ne5 Nxe5 19. Qxe5 Qxe5 20.
Rxe5 f6 21. Re2 e5 22. dxe5 fxe5 23. f3 Kf7 24. Rfe1 Kf6 25. g4 Re7 26. f4
e4 27. Bc2 Rd8 28. g3 Bc8 29. g5+ hxg5 30. fxg5+ Kxg5 31. Re3 Bg4 32. Bd1
Bxd1 33. Rxd1 Kg4 34. Kg2 b5 35. Rf1 a5 36. Rf4+ Kg5 37. Rf1 d4 38. cxd4
Rxd4 39. Rf2 Rd3 40. Rfe2 Rxe3 41. Rxe3 Kf5 42. Kf2 Rc7 43. Re2 Ke5 44. Rd2
g5 45. Ke3 Rf7 46. Rf2 Rxf2 47. Kxf2 Kd4 48. Ke2 g4 49. a3 a4 50. Kd2 e3+
51. Ke2 Ke4 52. Kf1 Kf3 53. Ke1 e2 54. Kd2 Kf2 { White resigns } 0-1

[Event "ICC tourney 2395 (75 10)"]
[Site "Internet Chess Club"]
[Date "2021.02.21"]
[Round "6"]
[White "JavierDix"]
[Black "Jesserocks135"]
[Result "1-0"]
[ICCResult "Black resigns"]
[WhiteElo "1422"]
[BlackElo "1364"]
[Opening "Queen's bishop game"]
[ECO "D02"]
[NIC "QP.08"]
[Time "18:03:23"]
[PlyCount "81"]
[TimeControl "4500+10"]

1. d4 d5 2. Nf3 Nf6 3. Bf4 e6 4. e3 Nbd7 5. Bd3 Be7 6. O-O O-O 7. Nbd2 c5
8. c3 b6 9. Ne5 Nxe5 10. dxe5 Nd7 11. Qg4 f5 12. exf6 Nxf6 13. Qe2 Bd6 14.
Nf3 Ng4 15. Bxh7+ Kxh7 16. Ng5+ Kg8 17. Qxg4 Bxf4 18. exf4 Qf6 19. Qh5 Qh6
20. Qxh6 gxh6 21. Nh3 Bb7 22. Rfe1 Kf7 23. Re5 Rae8 24. Rae1 Rg8 25. g3 Bc8
26. f3 Ke7 27. f5 Kd6 28. Nf4 Bd7 29. fxe6 Bc6 30. e7 Rg7 31. Re6+ Kd7 32.
Rxh6 Rexe7 33. Rxe7+ Rxe7 34. Kf2 d4 35. Rh5 Re3 36. Rh7+ Kc8 37. cxd4 cxd4
38. Rh6 Bb5 39. Re6 d3 40. Rxe3 d2 41. Re1 { Black resigns } 1-0

[Event "ICC tourney 2395 (75 10)"]
[Site "Internet Chess Club"]
[Date "2021.02.21"]
[Round "6"]
[White "jacobsperber"]
[Black "marinaxiao"]
[Result "1-0"]
[ICCResult "Black resigns"]
[WhiteElo "1447"]
[BlackElo "1493"]
[Opening "King's Indian: Sämisch, 5...O-O"]
[ECO "E81"]
[NIC "KI.48"]
[Time "18:03:10"]
[PlyCount "96"]
[TimeControl "4500+10"]

1. d4 Nf6 2. c4 g6 3. Nc3 Bg7 4. e4 d6 5. f3 O-O 6. Be3 Nbd7 7. Nh3 e5 8.
d5 a5 9. a4 Nc5 10. Nf2 Nfd7 11. Nd3 Nxd3+ 12. Bxd3 Qh4+ 13. g3 Qd8 14. Qd2
Nc5 15. Bxc5 dxc5 16. O-O-O Bd7 17. Kb1 Qf6 18. Rdf1 Qb6 19. Ka2 Qb4 20. b3
f5 21. h4 fxe4 22. Nxe4 Qxd2+ 23. Nxd2 Bf5 24. Bxf5 gxf5 25. g4 fxg4 26.
fxg4 Rxf1 27. Rxf1 Rf8 28. Rxf8+ Bxf8 29. Kb1 Kg7 30. Kc2 Kg6 31. Kd3 Be7
32. Nf3 Bd6 33. Ke4 Kf6 34. g5+ Kg6 35. Nxe5+ Bxe5 36. Kxe5 Kh5 37. Ke6
Kxh4 38. Kd7 c6 39. d6 Kxg5 40. Kc7 h5 41. d7 h4 42. d8=Q+ Kg4 43. Qh8 h3
44. Kxb7 Kg3 45. Kxc6 Kg2 46. Kxc5 h2 47. Qxh2+ Kxh2 48. Kb5 Kg2 { Black
resigns } 1-0

[Event "ICC tourney 2395 (75 10)"]
[Site "Internet Chess Club"]
[Date "2021.02.21"]
[Round "6"]
[White "Fredzhang"]
[Black "RatislavK"]
[Result "0-1"]
[ICCResult "White checkmated"]
[WhiteElo "1499"]
[BlackElo "1482"]
[Opening "Sicilian: Nimzovich-Rossolimo attack (with ...g6, without ...d6)"]
[ECO "B31"]
[NIC "SI.31"]
[Time "18:03:05"]
[PlyCount "104"]
[TimeControl "4500+10"]

1. e4 c5 2. Nf3 Nc6 3. Bb5 g6 4. Bxc6 dxc6 5. Nc3 Bg7 6. O-O Nf6 7. d3 O-O
8. Be3 b6 9. Qd2 Ng4 10. a4 Nxe3 11. Qxe3 a5 12. e5 Qc7 13. Rfe1 Be6 14. b3
Rad8 15. Kf1 Bd5 16. Nxd5 cxd5 17. c4 e6 18. Rad1 Rfe8 19. Nd2 f6 20. exf6
Bxf6 21. Qf3 Bd4 22. Qg4 Qf7 23. f3 h5 24. Qg3 Qf5 25. Nb1 e5 26. Qh4 e4
27. dxe4 dxe4 28. Rxe4 Rf8 29. Rde1 Bf6 30. Qf2 Rd4 31. R4e3 Bg5 32. Re5
Qd3+ 33. Qe2 Bf4 34. Re8 Rxe8 35. Qxd3 Rxe1+ 36. Kxe1 Rxd3 37. g3 Be5 38.
f4 Bd4 39. Nd2 Bc3 40. Ke2 Rxd2+ 41. Ke3 Kf7 42. h4 Kf6 43. Ke4 Rg2 44. Kf3
Rb2 45. Ke3 Bd4+ 46. Kd3 Rxb3+ 47. Ke2 Rxg3 48. Kd2 Kf5 49. Ke2 Ke4 50. Kd2
Rg2+ 51. Ke1 Kd3 52. Kf1 Rg1# { White checkmated } 0-1